 Dungeon Crawl Stone Soup version 0.31.0-11-ge490571c62 (webtiles) character file.

Game seed: 10993435494766618705

11 Silvore the Trooper (level 2, 0/24 HPs)
             Began as a Demonspawn Fighter on Feb 8, 2024.
             Slain by a kobold
             ... wielding a +0 short sword
              (3 damage)
             ... on level 1 of the Dungeon.
             The game lasted 00:00:41 (422 turns).

Silvore the Trooper (Demonspawn Fighter)             Turns: 422, Time: 00:00:42

Health: 0/24       AC:  6    Str: 16    XL:     2   Next: 17%
Magic:  2/2        EV:  8    Int:  8    God:
Gold:   19         SH:  4    Dex: 12    Spells: 1/1 levels left

rFire   . . .        a - +0 long sword
rCold   . . .        c - +0 buckler
rNeg    . . .        b - +0 scale mail
rPois   .            (no helmet)
rElec   .            (no cloak)
rCorr   .            (no gloves)
SInv    .            (no boots)
Will    .....        (no amulet) Stlth
                     (no ring)
HPRegen 0.24/turn    (no ring)
MPRegen 0.08/turn

%: no passive effects
@: no status effects
A: demonic touch 1
a: no special abilities


You were on level 1 of the Dungeon.
You visited 1 branch of the dungeon, and saw 1 of its levels.

You collected 19 gold pieces.

Inventory:

Hand Weapons
 a - a +0 long sword (weapon)
Armour
 b - a +0 scale mail (worn)
 c - a +0 buckler (worn)
Scrolls
 e - a scroll of enchant weapon {unknown}
Potions
 d - a potion of might
 f - a potion of brilliance {unknown}


   Skills:
 + Level 3.2 Fighting
 + Level 1.9 Long Blades
 + Level 2.9 Armour
 + Level 2.8 Shields


You had one spell level left.
You didn't know any spells.
Your spell library contained the following spells:

 Spells                   Type           Power      Damage    Failure   Level
 Frozen Ramparts          Ice            0%         1d1       99%         3
 Leda's Liquefaction      Alch/Erth      0%         N/A       100%        4
 Petrify                  Alch/Erth      0%         N/A       100%        4
 Metabolic Englaciation   Hex/Ice        0%         N/A       100%        5


Dungeon Overview and Level Annotations

Branches:
Dungeon (1/15)

Altars:


Innate Abilities, Weirdness & Mutations

Your touch may inflict minor irresistible damage on your foes.


Message History

The kobold hits you but does no damage. The kobold hits you but does no damage.
The kobold hits you with a +0 short sword.
You block the kobold's attack. The kobold hits you but does no damage.
The kobold hits you with a +0 short sword.
The kobold hits you but does no damage. The kobold hits you but does no damage.
The kobold hits you with a +0 short sword.
The kobold hits you with a +0 short sword.
The kobold hits you but does no damage.
The kobold hits you with a +0 short sword.
The kobold hits you with a +0 short sword.
The kobold barely misses you. The kobold hits you but does no damage.
The kobold hits you but does no damage.
The kobold hits you with a +0 short sword.
The kobold hits you but does no damage. The kobold hits you but does no damage.
The kobold hits you with a +0 short sword.
* * * LOW HITPOINT WARNING * * *
The kobold misses you. The kobold hits you but does no damage.
You block the kobold's attack. You block the kobold's attack.
The kobold hits you but does no damage. The kobold hits you but does no damage.
The kobold closely misses you. The kobold hits you but does no damage.
The kobold closely misses you.
The kobold hits you with a +0 short sword.
* * * LOW HITPOINT WARNING * * *
You block the kobold's attack. You block the kobold's attack.
The kobold hits you but does no damage. The kobold hits you but does no damage.
The kobold hits you with a +0 short sword.
* * * LOW HITPOINT WARNING * * *
The kobold hits you with a +0 short sword.
You die...

############################.####
# #..............# ###### #
#.#########.##.# ...... ..
#.#.......#.##.# ...... ...
#.##.####.#.##.# ...... ....
#.##.####.#.##.# .....# .....
#.........#.##.# .....#
......######.######.##.# ......
......K@......># #.##.# ......
......######.#.# #.##.# ......
..... #.#.# #.##.# ...... ....
#.#.# #.##.# .####. ### #.#.#
#.##.# .# #.#.# #..... .# #.#.#
###### .# #.#.# #.#


You could see a kobold.

Vanquished Creatures
  A giant cockroach (D:1)
  A goblin (D:1)
  4 jackals (D:1)
  2 ball pythons (D:1)
  A frilled lizard (D:1)
  A kobold (D:1)
10 creatures vanquished.

Notes
Turn   | Place    | Note
-------+----------+-------------------------------------------
     0 | D:1      | Silvore the Demonspawn Fighter began the quest for the Orb.
     0 | D:1      | Reached XP level 1. HP: 18/18 MP: 1/1
   206 | D:1      | Gained mutation: Your touch may inflict minor irresistible
                  | damage on your foes. [demonic ancestry]
   206 | D:1      | Reached XP level 2. HP: 14/24 MP: 2/2
   422 | D:1      | Slain by a kobold

Illustrated notes

Levels and vault maps discovered:
D:1:      dpeg_arrival_circle_labyrinth_c, layout_basic,
          nicolae_ecumenical_lake_church

Action                     || total
---------------------------++-------
  Melee: Long sword        ||    43
 Armour: Scale mail        ||    85
  Dodge: Dodged            ||    30
  Block: Buckler           ||    20
